Map: Emerald City LE

Players

ButterSnapps - Winner!

  • Race: Zerg Zerg
  • League: Platinum
  • Spawn Location: 11:00

AmunRa - Winner!

  • Race: Protoss Protoss
  • Spawn Location: 11:00

Jupiterian

  • Race: Protoss Protoss
  • Spawn Location: 5:00

DonaldMengsk

  • Race: Terran Terran
  • League: Master
  • Spawn Location: 5:00

VOD

https://www.youtube.com/watch?v=093Tk5zbJ2o

Description

This is a fast 3 Gate I use when rushing and it has been very effective all the way up to high masters league in team games.

Things to look out for:
Early pools might deny your proxy.
Important to get your Adepts across the map ASAP to defend proxy. Bettter to lose a probe or two to a Reaper than to lose Proxy pylon.
DTs will wreck you. Only do this if you have a Zerg ally getting a fast enough lair to get Overseer.

Priorities are generally to Supply block the Terran and punch a hole so your Zerg ally can ling flood.
If you can depower the pylon(s) powering a Cyber Core before Warp is done that is amazing too.

Time

  • Played on: Aug. 2, 2020, 10:17 a.m.
  • Length: 5:34
Show
View Real Time Build Order
Export as new Build Order

ButterSnapps Zerg - Winner!

Build Orders: Pool First 

Get SALT Encoding   

  12  0:01  Drone  
  13  0:08  Drone  
  14  0:18  Overlord  
  14  0:20  Extractor  
  13  0:23  Drone  
  15  0:37  Drone x2  
  17  0:49  Spawning Pool  
  16  0:50  Extractor  
  16  0:52  Drone  
  16  0:57  Drone  
  17  1:25  Extractor  
  16  1:31  Hatchery  
  16  1:47  Queen  
  16  1:49  Zergling x6  
  21  2:06  Overlord  
  21  2:13  Metabolic Boost  
  21  2:35  Drone x3  
  24  2:48  Queen  
  24  3:03  Zergling x12  
  29  3:30  Drone x6  
  35  3:39  Baneling Nest, Lair  
  34  3:44  Overlord x2  
  34  3:45  Drone  
  34  3:46  Drone  
  31  4:07  Zergling x16  
  38  4:14  Extractor  
  37  4:17  Roach Warren  
  36  4:33  Spine Crawler  
  36  4:35  Extractor  
  34  4:41  Drone x3  
  34  4:42  Drone x5  
  40  5:09  Zergling x6  
  40  5:10  Zergling x6  
Show
View Real Time Build Order
Export as new Build Order

AmunRa Protoss - Winner!

Build Orders:  

Get SALT Encoding   

  12  0:00  Probe  
  13  0:13  Pylon  
  13  0:19  Probe  
  14  0:32  Gateway  
  14  0:40  Probe  
  15  0:45  Assimilator  
  15  0:52  Probe  
  16  1:04  Probe  
  16  1:06  Gateway  
  17  1:16  Probe  
  18  1:21  Cybernetics Core  
  18  1:28  Probe  
  18  1:32  Pylon  
  19  1:40  Probe  
  20  1:48  Warp Gate (Chrono Boost)  
  20  1:50  Gateway  
  20  1:59  Adept  
  22  2:03  Adept  
  22  2:06  Probe  
  25  2:14  Pylon  
  25  2:28  Adept  
  27  2:33  Adept  
  29  2:37  Stalker  
  31  2:45  Assimilator  
  31  2:47  Probe  
  32  2:59  Probe  
  33  3:15  Stalker x2  
  33  3:16  Stalker  
  35  3:38  Stalker x2  
  39  3:42  Pylon  
  39  4:03  Stalker x3  
  43  4:27  Pylon  
  41  4:48  Stalker x3  
  47  5:13  Robotics Facility  
Show
View Real Time Build Order
Export as new Build Order

Jupiterian Protoss 

Build Orders: 1 Gate Expand, Phoenix Opening 

Get SALT Encoding   

  12  0:05  Probe  
  13  0:15  Pylon  
  13  0:18  Probe  
  14  0:30  Probe  
  15  0:37  Gateway  
  15  0:42  Probe  
  16  0:46  Assimilator  
  16  0:55  Probe  
  17  1:07  Probe (Chrono Boost)  
  19  1:18  Probe (Chrono Boost)  
  19  1:23  Probe (Chrono Boost)  
  20  1:30  Nexus  
  20  1:38  Cybernetics Core  
  20  1:40  Probe  
  21  1:49  Assimilator  
  21  1:52  Probe  
  22  1:55  Pylon  
  22  2:07  Probe  
  23  2:16  Pylon  
  23  2:22  Stargate  
  23  2:26  Probe  
  24  2:31  Adept (Chrono Boost)  
  24  2:35  Warp Gate  
  26  2:40  Probe (Chrono Boost)  
  27  2:44  Shield Battery  
  27  2:46  Probe (Chrono Boost)  
  29  2:56  Probe x2 (Chrono Boost)  
  32  3:03  Stargate  
  32  3:08  Probe x2  
  34  3:17  Phoenix (Chrono Boost)  
  34  3:20  Probe, Shield Battery  
  35  3:35  Probe  
  35  3:36  Probe  
  37  3:42  Phoenix (Chrono Boost)  
  37  3:47  Probe  
  40  3:48  Probe  
  40  3:51  Assimilator  
  41  3:56  Assimilator  
  41  4:09  Phoenix  
  39  4:20  Probe x2  
  39  4:24  Zealot  
  43  4:26  Shield Battery  
  43  4:28  Shield Battery, Gateway  
  43  4:32  Shield Battery  
  43  4:34  Pylon  
  43  4:36  Phoenix x2  
  33  5:03  Phoenix x2  
  32  5:20  Pylon  
Show
View Real Time Build Order
Export as new Build Order

DonaldMengsk Terran 

Build Orders:  

Get SALT Encoding   

  12  0:00  SCV  
  13  0:12  SCV  
  14  0:19  Supply Depot  
  14  0:24  SCV  
  15  0:31  Refinery  
  15  0:41  SCV  
  16  0:47  Barracks  
  16  0:53  SCV  
  17  0:58  Refinery  
  17  1:05  SCV  
  18  1:17  SCV  
  19  1:29  SCV  
  20  1:33  Marine  
  20  1:38  Factory  
  21  1:46  Orbital Command  
  21  1:52  Marine  
  22  2:04  Supply Depot  
  22  2:12  SCV  
  23  2:25  SCV  
  23  2:26  Hellion  
  26  2:30  Bunker  
  26  2:34  Marine  
  27  2:38  SCV  
  27  2:40  Supply Depot  
  28  2:47  Hellion  
  28  2:50  SCV  
  31  3:01  Marine  
  31  3:03  Starport  
  32  3:10  Hellion  
  32  3:12  SCV  
  30  3:36  SCV  
  30  3:40  Marine  
  33  3:48  SCV  
  32  4:00  SCV  
  27  4:42  Barracks  
  26  4:56  Factory Tech Lab  
  26  5:06  SCV  
  19  5:18  SCV  
Tags
 
Add a new tag
Caveats
  • Supply blocks, unpowered buildings, or Contaminate may cause inaccurate times.
  • Supply counts are checked every 10 seconds.